 Dungeon Crawl Stone Soup version 0.19.5 (webtiles) character file.

97 HeyBub the Cutter (level 5, -3/38 HPs)
             Began as a Human Gladiator on May 3, 2017.
             Slain by a gnoll
             ... wielding a +2 antimagic whip
              (4 damage)
             ... on level 3 of the Dungeon.
             The game lasted 00:03:55 (2132 turns).

HeyBub the Cutter (Human Gladiator)                 Turns: 2132, Time: 00:03:56

Health: -3/38      AC:  4    Str: 16    XL:     5   Next: 0%
Magic:  5/5        EV: 13    Int:  9    God:
Gold:   109        SH:  0    Dex: 13    Spells: 0 memorised, 4 levels left

rFire  . . .     SeeInvis +     q - +2 dagger (drain)
rCold  . . .     Gourm    .     b - +0 leather armour
rNeg   . . .     Faith    .     (no shield)
rPois  .         Spirit   .     c - +0 helmet
rElec  .         Reflect  .     (no cloak)
rCorr  .         Harm     .     (no gloves)
MR     .....                    (no boots)
Stlth  +.........               (no amulet)
                                (no ring)
                                i - ring of see invisible

@: no status effects
A: no striking features
a: no special abilities


You were on level 3 of the Dungeon.
You were not hungry.

You visited 1 branch of the dungeon, and saw 3 of its levels.

You collected 109 gold pieces.

Inventory:

Hand Weapons
 a - a +0 rapier
 q - a +2 dagger of draining (weapon)
Missiles
 d - 3 throwing nets (quivered)
Armour
 b - a +0 leather armour (worn)
 c - a +0 helmet (worn)
Jewellery
 i - a ring of see invisible (left hand)
Scrolls
 e - a scroll of amnesia
 j - a scroll of noise
 n - 3 scrolls of remove curse {unknown}
 o - a scroll of enchant weapon {unknown}
 r - a scroll of random uselessness {unknown}
Potions
 k - a potion of beneficial mutation
 p - a potion of brilliance {unknown}
 t - a potion of mutation {unknown}
Comestibles
 f - 2 bread rations
 s - a meat ration


   Skills:
 - Level 2.0 Fighting
 + Level 5.3 Short Blades
 - Level 2.0 Throwing
 - Level 3.0 Dodging


You had 4 spell levels left.
You didn't know any spells.

Dungeon Overview and Level Annotations

Branches:
Dungeon (3/15)

Altars:
Trog


Message History

You see here a halberd.
You hit the gnoll.
The gnoll is lightly wounded.
The gnoll barely misses you.
You hit the gnoll.
The gnoll is moderately wounded.
The gnoll hits you with a halberd!
* * * LOW HITPOINT WARNING * * *
You barely miss the gnoll.
The gnoll is moderately wounded.
The gnoll hits you but does no damage.
The gnoll hits you from afar with a halberd.
* * * LOW HITPOINT WARNING * * *
The gnoll hits you with an antimagic whip.
* * * LOW HITPOINT WARNING * * *
The gnoll barely misses you.
You hit the gnoll. You drain the gnoll!
The gnoll is moderately wounded.
The gnoll hits you with an antimagic whip.
You die...

*,,,,,,,,..........#.#...#.#**,*
*******,,,,,,,*#)..........# *,*
********,,,,,***#....#......###.*
,,,,,,**,,,,,* #....#.........,*
,,,,,,**,,,,,* #....#.......#***
,,,,,,**#########.g..#))#*...# *
,,,,,,,,........##....#.##...# *
,,,,,,,,........##g...†......# *
,,,,,,,,........@g....#..##..# *
,*****,,........##....##<#*,,# *
,**,,,**######.......)##.##,,* *
,,,,,,,,,,,,*#..##.....((.#,,* *
,**,,,*,,,,,*#..#.......†(#,,* *
,*,,,**,,,,,*#............)..# *
,*,,,****,***#.##........#...#***
,,,,,,,,*,***..,#?.......#.....,,
,,,,,,,,,,,**,,..........##.####*


You could see 2 gnolls.

Vanquished Creatures
  A gnoll (D:3)
  An adder (D:2)
  3 worms (D:2)
  4 dart slugs
  A leopard gecko (D:1)
  5 orcs (D:3)
  4 bats
  5 giant cockroaches
  4 goblins
  4 hobgoblins
  3 jackals (D:1)
  3 ball pythons
  3 frilled lizards
  9 kobolds
  5 rats
55 creatures vanquished.

Notes
Turn   | Place    | Note
-------+----------+-------------------------------------------
     0 | D:1      | HeyBub the Human Gladiator began the quest for the Orb.
     0 | D:1      | Reached XP level 1. HP: 16/16 MP: 1/1
    17 | D:1      | You fall through a shaft!
   340 | D:1      | Reached XP level 2. HP: 22/22 MP: 2/2
   632 | D:1      | Reached skill level 4 in Short Blades
   632 | D:1      | Reached XP level 3. HP: 24/27 MP: 3/3
  1209 | D:2      | Found a bloodstained altar of Trog.
  1490 | D:2      | Reached XP level 4. HP: 33/33 MP: 4/4
  2009 | D:3      | Reached skill level 5 in Short Blades
  2116 | D:3      | Reached XP level 5. HP: 22/38 MP: 5/5
  2131 | D:3      | HP: 1/38 [gnoll/antimagic whip (4)]
  2132 | D:3      | Slain by a gnoll

Skill      XL: |  1  2  3  4 |
---------------+-------------+-----
Short Blades   | 4 5 |  5.3
Fighting       | |  2.0
Throwing       | |  2.0
Dodging        | |  3.0

Action                   |  1- 3 |  4- 6 || total
-------------------------+-------+-------++-------
Melee: Rapier            |    94 |       ||    94
       Dagger            |    23 |    79 ||   102
  Use: Scroll            |       |     4 ||     4
       Potion            |       |     3 ||     3
 Stab: Sleeping          |     1 |       ||     1
  Eat: Meat ration       |       |     1 ||     1
Armor: Leather armour    |    27 |    11 ||    38
Dodge: Dodged            |    69 |    47 ||   116
